 Dungeon Crawl Stone Soup version 0.28.0 (webtiles) character file.

Game seed: 16567201944904124576

6934 Karpo the Covert (level 10, 0/51 HPs)
             Began as a Spriggan Enchanter on Feb 18, 2022.
             Was a Believer of Kikubaaqudgha.
             Succumbed to a water moccasin's poison
             ... on level 1 of the Lair of Beasts.
             The game lasted 00:33:42 (13842 turns).

Karpo the Covert (Spriggan Enchanter)              Turns: 13842, Time: 00:33:42

Health: 0/51       AC:  3    Str:  4    XL:     10   Next: 80%
Magic:  16/20      EV: 23    Int: 20    God:    Kikubaaqudgha [**....]
Gold:   580        SH:  5    Dex: 17    Spells: 13/21 levels left

rFire   + . .      SeeInvis +   m - +2 dagger (drain)
rCold   . . .      Faith    .   (no shield)
rNeg    . . .      Spirit   .   b - +0 robe
rPois   .          Reflect  +   (helmet restricted)
rElec   .          Harm     .   y - +0 cloak
rCorr   .          Rampage  .   (gloves unavailable)
Will    +....                   (boots unavailable)
Stlth   +++++.....              p - amulet of reflection
HPRegen 0.17/turn               B - ring of protection from fire
MPRegen 0.17/turn               (no ring)

@: lethally poisoned (0 -> -7), invisible, very quick
A: very small, no large weapons, unfitting armour, see invisible, speed 3
a: Renounce Religion, Receive Corpses


You were on level 1 of the Lair of Beasts.
You worshipped Kikubaaqudgha.
Kikubaaqudgha was pleased with you.
You visited 3 branches of the dungeon, and saw 11 of its levels.

You collected 580 gold pieces.

Inventory:

Hand Weapons
 a - a +1 dagger
 i - a +0 dagger of venom
 m - a +2 dagger of draining (weapon)
 q - a +0 rapier
 u - a +2 whip of electrocution
 x - a +3 quarterstaff of chaos
 z - a +0 dagger of venom
 A - a +1 short sword of freezing
 D - a +2 long sword of freezing
Missiles
 o - 2 throwing nets (quivered)
Armour
 b - a +0 robe (worn)
 y - a +0 cloak (worn)
Magical Staves
 t - a staff of fire
Jewellery
 p - an amulet of reflection (around neck)
 B - a ring of protection from fire (left hand)
Wands
 d - a wand of flame (15)
 s - a wand of digging (6)
Scrolls
 e - a scroll of enchant weapon
 h - 2 scrolls of blinking {unknown}
 k - 2 scrolls of fog {unknown}
 l - 3 scrolls of teleportation {unknown}
 n - a scroll of vulnerability {unknown}
 r - 4 scrolls of amnesia {unknown}
 v - 2 scrolls of brand weapon {unknown}
 w - 3 scrolls of magic mapping {unknown}
 C - a scroll of silence {unknown}
 E - a scroll of fear {unknown}
 F - a scroll of enchant armour {unknown}
 G - 2 scrolls of immolation
 K - a scroll of identify
Potions
 c - a potion of invisibility
 g - a potion of curing
 j - a potion of lignification
 H - 2 potions of attraction
 I - a potion of flight
 J - a potion of mutation {unknown}


   Skills:
 + Level 4.3 Fighting
 + Level 9.0 Short Blades
 + Level 9.3 Dodging
 + Level 13.2 Stealth
 - Level 6.0 Spellcasting
 + Level 9.1 Hexes


You had 13 spell levels left.
You knew the following spells:

 Your Spells              Type           Power      Damage    Failure   Level
a - Confusing Touch       Hex            42%        N/A       1%          3
b - Dazzling Flash        Conj/Hex       48%        N/A       4%          3
z - Ensorcelled Hibernat  Hex/Ice        48%        N/A       2%          2

Your spell library contained the following spells:

 Spells                   Type           Power      Damage    Failure   Level
 Tukima's Dance           Hex            42%        N/A       1%          3
 Animate Skeleton         Necr           12%        N/A       11%         1
 Pain                     Necr           24%        1d5       11%         1
 Corpse Rot               Necr/Air       12%        N/A       16%         2
 Poisonous Vapours        Pois/Air       12%        N/A       16%         2
 Sublimation of Blood     Necr           6%         N/A       16%         2
 Vampiric Draining        Necr           6%         2d6       30%         3


Dungeon Overview and Level Annotations

Branches:
Dungeon (9/15)             Temple (1/1) D:5            Lair (1/6) D:9
    Orc (0/2) D:9

Altars:
Ashenzari
Cheibriados
Dithmenos
Elyvilon
Fedhas
Gozag
Hepliaklqana
Kikubaaqudgha
Makhleb
Nemelex Xobeh
Okawaru
Qazlal
Ru
Sif Muna
Trog
Uskayaw
Vehumet
Wu Jian
Xom
Yredelemnul
Zin
The Shining One

Shops:
D:1 ?   D:2 (   D:9 [:(=[

Annotations:
D:8 Erolcha


Innate Abilities, Weirdness & Mutations

You are very small and have problems with some larger weapons.
You are too small for most types of armour.
You have supernaturally acute eyesight. (SInv)
You cover ground extremely quickly. (Speed+++)


Message History

Casting: Ensorcelled Hibernation (safe; 2% risk of failure)
Confirm with . or Enter, or press ? or * to list all spells.
Aiming: Ensorcelled Hibernation (safe; 2% risk of failure)
Press: ? - help, Shift-Dir - straight line, f - electric eel
Aim: an electric eel (chance to affect: 64%)
The electric eel resists with significant effort.
The electric eel shoots out a bolt of lightning at you!
The bolt of electricity hits you.
* * * LOW HITPOINT WARNING * * *
Casting: Ensorcelled Hibernation (safe; 2% risk of failure)
Confirm with . or Enter, or press ? or * to list all spells.
Aiming: Ensorcelled Hibernation (safe; 2% risk of failure)
Press: ? - help, Shift-Dir - straight line, f/p - electric eel
Aim: an electric eel (chance to affect: 64%)
The electric eel looks drowsy...
The water moccasin barely misses you.
The electric eel shoots out a bolt of lightning at you!
The bolt of electricity hits the electric eel.
The electric eel completely resists.
The bolt of electricity hits you!
* * * LOW HITPOINT WARNING * * *
You feel much better. The water moccasin bites you!
* * * LOW HITPOINT WARNING * * *
You are poisoned.
The water moccasin poisons you! The water moccasin closely misses you.
The electric eel shoots out a bolt of lightning at you!
The bolt of electricity hits you!
* * * LOW HITPOINT WARNING * * *
The electric eel shoots out a bolt of lightning at you!
The bolt of electricity hits the electric eel.
The electric eel completely resists.
The bolt of electricity misses you.
You fade into invisibility!
* * * LOW HITPOINT WARNING * * *
You feel very sick. The water moccasin misses you.
The electric eel shoots out a bolt of lightning at you!
The bolt of electricity misses you.
The electric eel shoots out a bolt of lightning at you!
The bolt of electricity hits the electric eel.
The electric eel completely resists.
The bolt of electricity misses you.
You die...
Kikubaaqudgha rasps: "You have failed me!
Welcome... death!"

...................
...................
...................
...................
......#....# .... .
......#....##.. ...
.......S...#.##.....
#.SS.....<...#
##..@.....>#.#
#?.....####
....#....#
.............
...............
.F.............
...............
...............


You could see a cane toad (asleep), a water moccasin and 2 electric eels.

Vanquished Creatures
  Pikel (D:4)
  3 centaur zombies
  A wyvern (D:9)
  Eustachio (D:4)
  10 yaks
  2 basilisks (D:9)
  A steam dragon (D:8)
  6 water moccasins
  Duvessa (D:5)
  2 orc warriors
  2 ice beasts
  3 sky beasts
  A black bear (D:5)
  A necrophage (D:7)
  2 ogres
  2 centaurs
  2 lemures (D:4)
  2 kobold brigands
  A wyvern zombie (D:5)
  A scorpion (D:5)
  A wyvern skeleton (D:7)
  A water moccasin skeleton (D:5)
  Dowan (D:5)
  10 killer bees
  6 wights
  An electric eel (D:8)
  A bullfrog zombie (D:6)
  3 howler monkeys
  2 jellies (D:6)
  2 bullfrog skeletons
  A gnoll shaman (D:3)
  4 orc priests
  2 hounds (D:5)
  Crazy Yiuf (D:5)
  Terence (D:3)
  An iguana (D:3)
  2 orc wizards
  A scorpion zombie (D:5)
  A killer bee zombie (D:8)
  2 hound skeletons (D:4)
  2 howler monkey zombies (D:9)
  11 gnolls
  A howler monkey skeleton (D:6)
  4 adders
  An ufetubus (D:7)
  2 dart slugs
  26 orcs
  6 ball pythons
  A bat (D:1)
  10 endoplasms
  3 giant cockroaches (D:3)
  8 goblins
  8 hobgoblins
  A jackal (D:3)
  6 quokkas
  2 frilled lizards (D:2)
  14 kobolds
  5 rats
200 creatures vanquished.

Vanquished Creatures (others)
  3 bushes (D:9)
  2 fungi (D:9)
  34 plants
39 creatures vanquished.

Grand Total: 239 creatures vanquished

Notes
Turn   | Place    | Note
-------+----------+-------------------------------------------
     0 | D:1      | Karpo the Spriggan Enchanter began the quest for the Orb.
     0 | D:1      | Reached XP level 1. HP: 9/9 MP: 5/5
   149 | D:1      | Found Fep Ewyn's Magic Scroll Boutique.
   159 | D:1      | Reached skill level 5 in Stealth
   226 | D:1      | Reached XP level 2. HP: 5/13 MP: 6/6
   791 | D:1      | Learned a level 2 spell: Ensorcelled Hibernation
  1296 | D:2      | Reached skill level 6 in Stealth
  1383 | D:2      | Found Dacra's Antique Weapon Shop.
  1497 | D:2      | Reached XP level 3. HP: 16/16 MP: 8/8
  1755 | D:3      | Noticed Terence
  1994 | D:3      | Reached XP level 4. HP: 21/21 MP: 9/9
  2007 | D:2      | Learned a level 3 spell: Confusing Touch
  2016 | D:3      | Found a faded altar of an unknown god.
  2219 | D:3      | Reached skill level 7 in Stealth
  2810 | D:3      | Killed Terence
  2811 | D:3      | Reached XP level 5. HP: 23/24 MP: 7/10
  2913 | D:3      | Reached skill level 8 in Stealth
  4196 | D:4      | Noticed Eustachio
  4199 | D:4      | Killed Eustachio
  4200 | D:4      | Reached skill level 5 in Short Blades
  4200 | D:4      | Reached XP level 6. HP: 28/28 MP: 10/12
  4254 | D:4      | Found an opulent altar of Gozag.
  5031 | D:4      | Reached skill level 5 in Hexes
  5031 | D:4      | Reached XP level 7. HP: 32/32 MP: 9/14
  5373 | D:4      | Found a broken altar of Ashenzari.
  5473 | D:4      | Noticed Pikel
  5486 | D:4      | Killed Pikel
  5575 | D:5      | Entered Level 5 of the Dungeon
  5612 | D:5      | Reached skill level 1 in Fighting
  5612 | D:5      | Reached XP level 8. HP: 33/37 MP: 15/15
  5902 | D:5      | Reached skill level 5 in Dodging
  6557 | D:5      | Found a runed translucent door.
  6562 | D:5      | Learned a level 3 spell: Dazzling Flash
  6562 | D:5      | Noticed Crazy Yiuf
  6569 | D:5      | Killed Crazy Yiuf
  6679 | D:5      | Noticed Duvessa
  6685 | D:5      | Found a staircase to the Ecumenical Temple.
  6690 | Temple   | Entered the Ecumenical Temple
  6811 | Temple   | Became a worshipper of Kikubaaqudgha
  6927 | D:5      | Noticed Dowan
  6943 | D:5      | Killed Duvessa
  6945 | D:5      | Killed Dowan
  7763 | D:6      | Found a sacrificial altar of Ru.
  7814 | D:6      | Reached XP level 9. HP: 29/44 MP: 13/16
  7841 | D:6      | Reached skill level 9 in Stealth
  8842 | D:7      | Reached skill level 10 in Stealth
  9171 | D:7      | Found a shimmering blue altar of Sif Muna.
  9213 | D:7      | Reached * piety under Kikubaaqudgha
  9213 | D:7      | Received a gift from Kikubaaqudgha
  9730 | D:7      | Reached skill level 11 in Stealth
 10274 | D:7      | Reached skill level 12 in Stealth
 10873 | D:8      | Reached XP level 10. HP: 42/49 MP: 6/17
 11039 | D:8      | Noticed a centaur warrior
 11040 | D:8      | Noticed a centaur warrior
 11040 | D:8      | Noticed a five-headed hydra
 11040 | D:8      | Noticed a centaur warrior
 11049 | D:8      | Noticed a manticore
 11049 | D:8      | Noticed a centaur warrior
 11049 | D:8      | Noticed a gargoyle
 11678 | D:8      | Found a burning altar of Makhleb.
 12116 | D:9      | Found Asak Oga's Weapon Boutique.
 12167 | D:8      | Reached skill level 5 in Spellcasting
 12216 | D:9      | Found Guxilust's Armour Shop.
 12216 | D:9      | Found a staircase to the Orcish Mines.
 12238 | D:9      | Found Qipsous's Book Shop.
 12376 | D:9      | Noticed Erolcha
 12408 | D:8      | Noticed a water nymph
 12420 | D:9      | Found Zistraxu's Antique Armour Emporium.
 12424 | D:9      | Found Icoolapa's Jewellery Emporium.
 12679 | D:9      | Found a staircase to the Lair.
 13015 | D:9      | Reached skill level 13 in Stealth
 13026 | D:9      | Reached ** piety under Kikubaaqudgha
 13832 | Lair:1   | Entered Level 1 of the Lair of Beasts
 13836 | Lair:1   | Noticed a cane toad
 13841 | Lair:1   | HP: 1/51 [poisoned by a water moccasin]
 13842 | Lair:1   | Succumbed to a water moccasin's poison

Illustrated notes

Levels and vault maps discovered:
D:1:      dpeg_arrival_triangle_fractal, layout_basic, serial_shops, shop
D:2:      layout_basic, serial_shops, nicolae_shop_crystal
D:3:      layout_basic, shapermc_ecumenical_altar_mp_ritualfount,
          serial_bayou_pond_b, uniq_terence
D:4:      layout_loops_ring, grunt_gozag_statues, lemuel_coloured_pillars_altar,
          st_stairs_10, uniq_pikel, uniq_eustachio
D:5:      layout_loops_ring, temple_doors_e, uniq_crazy_yiuf_cottage,
          uniq_duvessa
D:6:      layout_loops_corners, mainiacjoe_overflow_concentric_impassable,
          minmay_misc_feat_chi, lightli_corner_chamber
D:7:      layout_loops_ring, mainiacjoe_overflow_surrounded_room, serial_glass,
          glass_columns_c, glass_columns_a
D:8:      layout_rooms, lemuel_doored_altar, fountainhead, chequers_avenue,
          minivault_12
D:9:      layout_rooms, minmay_lair_entry_grove, serial_shops,
          nicolae_shop_trees, nicolae_stop_n_shop_2, kennysheep_mini_moat,
          shop_fountains, nicolae_diamond_shop, nrook_uturn, uniq_erolcha
Temple:   minmay_crystal_spiral_temple
Lair:1:   layout_big_grid, nicolae_volcano_entry_hallway, dpeg_stationary_puzzle

Skill      XL: |  1  2  3  4  5  6  7  8  9 10 |
---------------+-------------------------------+-----
Stealth        | 5 6 7 8 12 13 | 13.2
Short Blades   | 2 3 5 8 9 |  9.0
Spellcasting   | 3 4 6 |  6.0
Hexes          | 4 5 8 9 |  9.1
Dodging        | 3 8 9 |  9.3
Fighting       | 1 3 4 |  4.3

Action                   |  1- 3 |  4- 6 |  7- 9 | 10-12 || total
-------------------------+-------+-------+-------+-------++-------
Melee: Dagger            |    86 |   126 |   303 |   198 ||   713
       Punch             |     1 |     2 |     4 |     4 ||    11
 Cast: Ensorcelled Hiber |     9 |    21 |    43 |    49 ||   122
       Confusing Touch   |       |       |    11 |     7 ||    18
  Use: Scroll            |       |       |     6 |       ||     6
       Potion            |       |       |       |     3 ||     3
 Stab: Sleeping          |    15 |    20 |    40 |    27 ||   102
       Distracted        |       |     1 |     1 |     3 ||     5
       Confused          |       |       |    10 |     5 ||    15
Armor: Robe              |     4 |    10 |    17 |     7 ||    38
Dodge: Dodged            |    55 |    85 |   164 |   137 ||   441
Block: Other             |       |       |    38 |    38 ||    76
